Jets vs Ducks

Created - 28 mars 2019 at 18:44

Goals
1 2 3 T
Jets 1 1 1 3
Ducks 0 1 0 1
Shots
1 2 3 T
Jets 15 13 9 37
Ducks 14 6 11 31

1st period

1. Jets , Patrice Bergeron 26 (Cam Atkinson 35, Jeff Skinner 26) at 12:56

Penalties :
Andrew Shaw (ANA) for Holding (Minor) at 4:16, Derek Forbort (ANA) for Tripping (Minor) at 16:12, Niklas Kronwall (WPG) for Cross-checking (Minor) at 18:54

2nd period

2. Ducks , Claude Giroux 37 (Colton Parayko 30, Wayne Simmonds 34) at 0:22 (PP)
3. Jets , Mika Zibanejad 36 (Jake Muzzin 43, Bryan Rust 23) at 14:36

Penalties :
David Backes (ANA) for High sticking (Minor) at 3:07, Milan Lucic (ANA) for Holding (Minor) at 17:13

3rd period

4. Jets , Carl Soderberg 23 (Josh Anderson 7, Jake Muzzin 44) at 9:03

Penalties :
Derek Forbort (ANA) for High sticking (Minor) at 15:24, Derek MacKenzie (WPG) for Hooking (Minor) at 18:08, Mark Scheifele (ANA) for Slashing (Minor) at 19:02

Goalie Stats

Keith Kinkaid (WPG), 30 saves from 31 shots - (0.968), W, 9-3-1, 60:00 minutes
Pekka Rinne (ANA), 34 saves from 37 shots - (0.919), L, 41-24-6, 60:00 minutes

Players Stats for Jets

Player Name              G  A  P  +/- PIM S  H  SB GA TA FO     MP     PP MP  PK MP  
------------------------------------------------------------------------------------
Brendan Guhle            0  0  0   2  0   2  0  0  0  0  0/0    21:41   4:18   0:32 
Bryan Rust               0  1  1   1  0   2  1  0  0  0  1/2    21:06   4:17   1:34 
Cam Atkinson             0  1  1   1  0   4  0  0  0  0  0/3    21:52   5:38   0:00 
Carl Soderberg           1  0  1   1  0   3  0  1  0  0  10/13  12:03   0:00   1:42 
Carter Rowney            0  0  0   0  0   1  0  0  0  0  0/0     5:28   0:00   0:32 
Derek MacKenzie          0  0  0   0  2   1  1  0  0  0  4/10    5:51   0:00   0:56 
Erik Gustafsson          0  0  0   1  0   0  1  2  0  0  0/0    18:36   4:13   0:00 
Jake Guentzel            0  0  0   1  0   3  4  0  0  0  0/0    19:32   4:17   0:00 
Jake Muzzin              0  2  2   3  0   2  0  2  0  0  0/0    25:17   5:42   1:10 
Jay Bouwmeester          0  0  0   0  0   0  1  1  0  0  0/0    17:41   0:00   0:52 
Jeff Skinner             0  1  1   1  0   5  3  2  0  0  0/1    22:49   5:38   0:00 
Josh Anderson            0  1  1   1  0   0  0  0  0  0  0/0    10:21   0:00   0:00 
Luca Sbisa               0  0  0   0  0   0  2  0  0  0  0/0    14:43   0:44   1:30 
Mika Zibanejad           1  0  1   1  0   6  1  0  0  0  17/29  19:32   4:17   0:00 
Niklas Kronwall          0  0  0   0  2   2  4  0  0  0  0/0    22:01   4:53   0:40 
Ondrej Kase              0  0  0   0  0   0  0  0  0  0  0/0     0:00   0:00   0:00 
Patrice Bergeron         1  0  1   1  0   3  1  0  0  0  21/32  22:49   5:38   0:00 
Tomas Tatar              0  0  0   1  0   3  0  0  0  0  0/1    15:17   0:00   0:00 

Players Stats for Ducks

Player Name              G  A  P  +/- PIM S  H  SB GA TA FO     MP     PP MP  PK MP  
------------------------------------------------------------------------------------
Andrew Shaw              0  0  0  -1  2   1  0  0  0  0  0/1    12:25   0:00   0:00 
Brandon Dubinsky         0  0  0  -1  0   0  5  1  0  0  0/0    11:29   0:00   0:11 
Claude Giroux            1  0  1  -1  0   6  0  1  0  0  1/4    19:10   1:42   6:13 
Colton Parayko           0  1  1  -1  0   0  1  2  0  0  0/0    23:50   1:02   6:29 
David Backes             0  0  0   0  2   1  3  0  0  0  0/0    11:57   0:00   0:00 
Derek Forbort            0  0  0  -1  4   0  2  0  0  0  0/0    19:03   1:20   1:49 
Gabriel Landeskog        0  0  0   0  0   2  3  0  0  0  1/3    13:50   0:40   0:26 
Josh Manson              0  0  0  -1  0   0  3  3  0  0  0/0    23:40   1:02   6:19 
Kris Letang              0  0  0  -1  0   1  2  4  0  0  0/0    22:15   1:20   4:59 
Luke Schenn              0  0  0  -1  0   1  1  1  0  0  0/0    15:28   0:00   0:00 
Mark Scheifele           0  0  0  -1  2   4  1  0  0  0  9/19   12:45   1:41   0:00 
Milan Lucic              0  0  0  -1  2   0  2  0  0  0  0/0    12:25   0:00   0:00 
Roman Polak              0  0  0  -1  0   0  1  0  0  0  0/0    15:31   0:00   0:03 
Torrey Mitchell          0  0  0  -1  0   2  0  0  0  0  9/26   17:16   0:00   5:58 
Troy Brouwer             0  0  0  -1  0   3  0  0  0  0  1/2    15:00   0:00   3:42 
Tyler Johnson            0  0  0  -1  0   3  0  1  0  0  15/26  16:37   0:40   3:31 
Wayne Simmonds           0  1  1  -1  0   6  1  0  0  0  0/0    12:57   1:42   0:00 
William Nylander         0  0  0   0  0   1  0  0  0  0  2/10   13:24   0:40   0:00 

3 Stars

1 - Keith Kinkaid (WPG)
2 - Jake Muzzin (WPG)
3 - Patrice Bergeron (WPG)

Power Play

Jets - 0 on 6 Attempt(s) - 0.00%
Ducks - 1 on 2 Attempt(s) - 50.00%

Penalty Kill

Jets - 1 on 2 Attempt(s) - 50.00% - Score 0 goal in Penalty Kill
Ducks - 6 on 6 Attempt(s) - 100.00% - Score 0 goal in Penalty Kill

Team Stat

Jets - Hits : 19 - Faceoff Wins : 53 - Blocked Shots : 8 - Penalty Minutes : 4
Ducks - Hits : 25 - Faceoff Wins : 38 - Blocked Shots : 13 - Penalty Minutes : 12

Official

Referees : Brian Pochmara and Greg Kimmerly
Linesman : Derek Amell and Tony Sericolo

Game Notes

No Game Note

Finance

Level 1 -- Attendance: 6321 (97.25%) -- Ticket Income 695 310 $
Level 2 -- Attendance: 4488 (89.76%) -- Ticket Income 336 600 $
Level 3 -- Attendance: 2600 (100.00%) -- Ticket Income 145 600 $
Level 4 -- Attendance: 2074 (100.00%) -- Ticket Income 82 960 $
Luxury Box -- Attendance: 1000 (100.00%) -- Ticket Income 199 000 $
Game was played at the Honda Center.
Total Attendance: 16483 (95.98%)
Total Ticket Income: 1 459 470 $
Other Income: 715 140 $
Total Income: 2 174 610 $

% Time on Ice - Jets

Lines # - Real PCT - Wanted PCT - Time Play
Normal Forward
1 - 35% - 40% - 16:14
2 - 33% - 30% - 15:15
3 - 22% - 20% - 10:21
4 - 11% - 10% - 4:56
Normal Defense
1 - 34% - 40% - 15:54
2 - 35% - 30% - 16:29
3 - 27% - 20% - 12:29
4 - 4% - 10% - 1:54
PP Forward
1 - 57% - 60% - 5:38
2 - 43% - 40% - 4:17
PP Defense
1 - 57% - 60% - 5:42
2 - 43% - 40% - 4:13
PK Forward
1 - 77% - 60% - 1:50
2 - 23% - 40% - 0:32
PK Defense
1 - 37% - 70% - 0:52
2 - 63% - 30% - 1:30
PK3 Forward
1 - 0% - 60%
2 - 0% - 40%
PK3 Defense
1 - 0% - 60%
2 - 0% - 40%
44 Forward
1 - 100% - 60% - 0:57
2 - 0% - 40% - 0:00
44 Defense
1 - 100% - 60% - 0:57
2 - 0% - 40% - 0:00
Last Minute Offensive  - 0:00
Last Minute Defensive  - 0:00
Total
Forward - 60:00
Defense - 60:00

% Time on Ice - Ducks

Lines # - Real PCT - Wanted PCT - Time Play
Normal Forward
1 - 24% - 25% - 11:04
2 - 26% - 25% - 11:58
3 - 27% - 25% - 12:26
4 - 24% - 25% - 11:18
Normal Defense
1 - 34% - 35% - 15:53
2 - 33% - 35% - 15:25
3 - 33% - 30% - 15:28
4 - 0% - 0% - 0:00
PP Forward
1 - 72% - 55% - 1:42
2 - 28% - 45% - 0:40
PP Defense
1 - 44% - 55% - 1:02
2 - 56% - 45% - 1:20
PK Forward
1 - 63% - 55% - 6:13
2 - 37% - 45% - 3:42
PK Defense
1 - 47% - 55% - 4:42
2 - 53% - 45% - 5:13
PK3 Forward
1 - 0% - 55%
2 - 0% - 45%
PK3 Defense
1 - 0% - 55%
2 - 0% - 45%
44 Forward
1 - 19% - 55% - 0:11
2 - 81% - 45% - 0:46
44 Defense
1 - 5% - 55% - 0:03
2 - 95% - 45% - 0:54
Last Minute Offensive  - 0:00
Last Minute Defensive  - 0:00
Total
Forward - 60:00
Defense - 60:00

Play-by-Play

1st period


0:01 of 1st period - Patrice Bergeron wins face-off versus Mark Scheifele in neutral zone.
0:10 of 1st period - Shot by Jeff Skinner.
0:10 of 1st period - Shot Misses the Net.
0:18 of 1st period - Shot by Claude Giroux.
0:18 of 1st period - Shot Misses the Net.
0:35 of 1st period - Shot by Claude Giroux.
0:35 of 1st period - Shot Blocked by Jeff Skinner.
0:37 of 1st period - Shot by Kris Letang.
0:37 of 1st period - Deflect By Mark Scheifele.
0:37 of 1st period - Stopped by Keith Kinkaid with a rebound.
0:39 of 1st period - Shot by Kris Letang.
0:39 of 1st period - Stopped by Keith Kinkaid without a rebound.
0:40 of 1st period - Mika Zibanejad wins face-off versus Gabriel Landeskog in Jets zone.
0:49 of 1st period - Josh Manson is hit by Jake Guentzel and loses puck.
1:07 of 1st period - Off-side.
1:08 of 1st period - Carl Soderberg wins face-off versus Tyler Johnson in neutral zone.
1:21 of 1st period - Shot by Tomas Tatar.
1:21 of 1st period - Stopped by Pekka Rinne with a rebound.
2:43 of 1st period - Icing by Josh Manson.
2:44 of 1st period - Mika Zibanejad wins face-off versus Torrey Mitchell in Ducks zone.
3:23 of 1st period - Icing by Gabriel Landeskog.
3:24 of 1st period - Derek MacKenzie wins face-off versus William Nylander in Ducks zone.
3:31 of 1st period - Shot by Tomas Tatar.
3:31 of 1st period - Shot Misses the Net.
4:11 of 1st period - Shot by Wayne Simmonds.
4:11 of 1st period - Shot Misses the Net.
4:13 of 1st period - Shot by Mark Scheifele.
4:13 of 1st period - Stopped by Keith Kinkaid without a rebound.
4:14 of 1st period - Tyler Johnson wins face-off versus Patrice Bergeron in Jets zone.
4:16 of 1st period - Minor Penalty to Andrew Shaw for Holding.
4:17 of 1st period - Patrice Bergeron wins face-off versus Torrey Mitchell in Ducks zone.
4:18 of 1st period - Shot by Jake Muzzin.
4:18 of 1st period - Shot Misses the Net.
4:20 of 1st period - Shot by Niklas Kronwall.
4:20 of 1st period - Deflect By Cam Atkinson.
4:20 of 1st period - Shot Misses the Net.
4:22 of 1st period - Shot by Patrice Bergeron.
4:22 of 1st period - Shot Blocked by Claude Giroux.
4:24 of 1st period - Shot by Jeff Skinner.
4:24 of 1st period - Shot Misses the Net.
4:26 of 1st period - Shot by Niklas Kronwall.
4:26 of 1st period - Stopped by Pekka Rinne without a rebound.
4:27 of 1st period - Patrice Bergeron wins face-off versus Torrey Mitchell in Ducks zone.
4:49 of 1st period - Shot by Cam Atkinson.
4:49 of 1st period - Shot Blocked by Colton Parayko.
4:51 of 1st period - Shot by Jake Muzzin.
4:51 of 1st period - Stopped by Pekka Rinne without a rebound.
4:52 of 1st period - Bryan Rust wins face-off versus Tyler Johnson in Ducks zone.
5:17 of 1st period - Icing by Bryan Rust.
5:18 of 1st period - Mika Zibanejad wins face-off versus Torrey Mitchell in Jets zone.
5:18 of 1st period - Mika Zibanejad is hit by Josh Manson.
5:34 of 1st period - Shot by Jake Guentzel.
5:34 of 1st period - Stopped by Pekka Rinne without a rebound.
5:35 of 1st period - Tyler Johnson wins face-off versus Cam Atkinson in Ducks zone.
5:52 of 1st period - Shot by Patrice Bergeron.
5:52 of 1st period - Deflect By Jeff Skinner.
5:52 of 1st period - Shot Misses the Net.
5:54 of 1st period - Shot by Jake Muzzin.
5:54 of 1st period - Shot Misses the Net.
6:48 of 1st period - Shot by Tomas Tatar.
6:48 of 1st period - Stopped by Pekka Rinne without a rebound.
6:49 of 1st period - Mika Zibanejad wins face-off versus Mark Scheifele in Ducks zone.
7:02 of 1st period - Shot by Wayne Simmonds.
7:02 of 1st period - Stopped by Keith Kinkaid with a rebound.
7:04 of 1st period - Shot by Wayne Simmonds.
7:04 of 1st period - Stopped by Keith Kinkaid without a rebound.
7:05 of 1st period - Patrice Bergeron wins face-off versus Torrey Mitchell in Jets zone.
7:23 of 1st period - Shot by Torrey Mitchell.
7:23 of 1st period - Shot Misses the Net.
7:25 of 1st period - Shot by Brandon Dubinsky.
7:25 of 1st period - Shot Hit the Post.
7:54 of 1st period - Off-side.
7:55 of 1st period - Tyler Johnson wins face-off versus Mika Zibanejad in neutral zone.
8:17 of 1st period - Icing by Jake Muzzin.
8:18 of 1st period - Mark Scheifele wins face-off versus Mika Zibanejad in Jets zone.
8:21 of 1st period - Shot by Wayne Simmonds.
8:21 of 1st period - Stopped by Keith Kinkaid with a rebound.
8:38 of 1st period - Icing by Luke Schenn.
8:39 of 1st period - Carl Soderberg wins face-off versus Mark Scheifele in Ducks zone.
8:39 of 1st period - Tomas Tatar is hit by Luke Schenn and loses puck.
9:04 of 1st period - Icing by Claude Giroux.
9:05 of 1st period - Mark Scheifele wins face-off versus Patrice Bergeron in Ducks zone.
10:02 of 1st period - Icing by Colton Parayko.
10:03 of 1st period - Tyler Johnson wins face-off versus Mika Zibanejad in Ducks zone.
10:03 of 1st period - Tyler Johnson is hit by Jake Guentzel.
10:26 of 1st period - Mika Zibanejad is hit by Kris Letang and loses puck.
10:35 of 1st period - Shot by Mika Zibanejad.
10:35 of 1st period - Stopped by Pekka Rinne without a rebound.
10:36 of 1st period - William Nylander wins face-off versus Carl Soderberg in Ducks zone.
10:45 of 1st period - Shot by David Backes.
10:45 of 1st period - Shot Misses the Net.
11:55 of 1st period - Shot by Cam Atkinson.
11:55 of 1st period - Shot Misses the Net.
11:57 of 1st period - Shot by Jake Muzzin.
11:57 of 1st period - Shot Misses the Net.
11:59 of 1st period - Shot by Jake Muzzin.
11:59 of 1st period - Shot Blocked by Luke Schenn.
12:01 of 1st period - Shot by Cam Atkinson.
12:01 of 1st period - Stopped by Pekka Rinne without a rebound.
12:02 of 1st period - Torrey Mitchell wins face-off versus Mika Zibanejad in Ducks zone.
12:39 of 1st period - Shot by Troy Brouwer.
12:39 of 1st period - Stopped by Keith Kinkaid without a rebound.
12:40 of 1st period - Patrice Bergeron wins face-off versus Mark Scheifele in Jets zone.
12:40 of 1st period - Patrice Bergeron is hit by Wayne Simmonds.
12:48 of 1st period - Shot by Jeff Skinner.
12:48 of 1st period - Shot Misses the Net.
12:56 of 1st period - Shot by Patrice Bergeron.
12:56 of 1st period - Goal by Patrice Bergeron - Jets : 1 - Ducks : 0.
12:57 of 1st period - Tyler Johnson wins face-off versus Derek MacKenzie in neutral zone.
13:14 of 1st period - Shot by Tomas Tatar.
13:14 of 1st period - Deflect By Carter Rowney.
13:14 of 1st period - Shot Misses the Net.
13:16 of 1st period - Shot by Derek MacKenzie.
13:16 of 1st period - Stopped by Pekka Rinne without a rebound.
13:17 of 1st period - Patrice Bergeron wins face-off versus Claude Giroux in Ducks zone.
13:26 of 1st period - Shot by Jeff Skinner.
13:26 of 1st period - Stopped by Pekka Rinne without a rebound.
13:27 of 1st period - Troy Brouwer wins face-off versus Mika Zibanejad in Ducks zone.
13:27 of 1st period - Troy Brouwer is hit by Jake Guentzel.
13:38 of 1st period - Shot by Brandon Dubinsky.
13:38 of 1st period - Deflect By Troy Brouwer.
13:38 of 1st period - Shot Misses the Net.
13:40 of 1st period - Shot by Troy Brouwer.
13:40 of 1st period - Stopped by Keith Kinkaid with a rebound.
13:42 of 1st period - Shot by Troy Brouwer.
13:42 of 1st period - Stopped by Keith Kinkaid without a rebound.
13:43 of 1st period - Mark Scheifele wins face-off versus Patrice Bergeron in Jets zone.
13:55 of 1st period - Shot by Mark Scheifele.
13:55 of 1st period - Deflect By Claude Giroux.
13:55 of 1st period - Shot Misses the Net.
14:01 of 1st period - Shot by Wayne Simmonds.
14:01 of 1st period - Stopped by Keith Kinkaid without a rebound.
14:02 of 1st period - Torrey Mitchell wins face-off versus Mika Zibanejad in Jets zone.
14:14 of 1st period - Shot by Torrey Mitchell.
14:14 of 1st period - Stopped by Keith Kinkaid without a rebound.
14:15 of 1st period - Patrice Bergeron wins face-off versus Tyler Johnson in Jets zone.
14:23 of 1st period - Off-side.
14:24 of 1st period - Mika Zibanejad wins face-off versus Torrey Mitchell in neutral zone.
14:32 of 1st period - Off-side.
14:33 of 1st period - Claude Giroux wins face-off versus Jeff Skinner in neutral zone.
14:33 of 1st period - Claude Giroux is hit by Jeff Skinner.
14:41 of 1st period - Wayne Simmonds is hit by Erik Gustafsson and loses puck.
14:46 of 1st period - Shot by Claude Giroux.
14:46 of 1st period - Stopped by Keith Kinkaid without a rebound.
14:47 of 1st period - Mika Zibanejad wins face-off versus Tyler Johnson in Jets zone.
15:10 of 1st period - Shot by Mika Zibanejad.
15:10 of 1st period - Shot Blocked by Josh Manson.
15:28 of 1st period - Niklas Kronwall is hit by Milan Lucic and loses puck.
15:43 of 1st period - Shot by Cam Atkinson.
15:43 of 1st period - Stopped by Pekka Rinne without a rebound.
15:44 of 1st period - Torrey Mitchell wins face-off versus Patrice Bergeron in Ducks zone.
16:12 of 1st period - Minor Penalty to Derek Forbort for Tripping.
16:13 of 1st period - Patrice Bergeron wins face-off versus Claude Giroux in Ducks zone.
16:53 of 1st period - Icing by Jake Muzzin.
16:54 of 1st period - Tyler Johnson wins face-off versus Mika Zibanejad in Jets zone.
17:01 of 1st period - Shot by Troy Brouwer.
17:01 of 1st period - Deflect By Tyler Johnson.
17:01 of 1st period - Stopped by Keith Kinkaid without a rebound.
17:02 of 1st period - Mika Zibanejad wins face-off versus Tyler Johnson in Jets zone.
17:09 of 1st period - Shot by Bryan Rust.
17:09 of 1st period - Shot Misses the Net.
17:11 of 1st period - Shot by Mika Zibanejad.
17:11 of 1st period - Stopped by Pekka Rinne without a rebound.
17:12 of 1st period - Mika Zibanejad wins face-off versus Troy Brouwer in Ducks zone.
17:37 of 1st period - Shot by Jake Muzzin.
17:37 of 1st period - Deflect By Jake Guentzel.
17:37 of 1st period - Stopped by Pekka Rinne with a rebound.
17:39 of 1st period - Shot by Niklas Kronwall.
17:39 of 1st period - Shot Misses the Net.
17:41 of 1st period - Shot by Niklas Kronwall.
17:41 of 1st period - Stopped by Pekka Rinne without a rebound.
17:42 of 1st period - Patrice Bergeron wins face-off versus Torrey Mitchell in Ducks zone.
17:45 of 1st period - Shot by Jeff Skinner.
17:45 of 1st period - Stopped by Pekka Rinne without a rebound.
17:46 of 1st period - Torrey Mitchell wins face-off versus Patrice Bergeron in Ducks zone.
18:42 of 1st period - Gabriel Landeskog is hit by Niklas Kronwall.
18:53 of 1st period - William Nylander is hit by Niklas Kronwall and loses puck.
18:54 of 1st period - Minor Penalty to Niklas Kronwall for Cross-checking.
18:55 of 1st period - Derek MacKenzie wins face-off versus Mark Scheifele in Jets zone.
18:55 of 1st period - Derek MacKenzie is hit by Mark Scheifele.
19:19 of 1st period - Shot by Mark Scheifele.
19:19 of 1st period - Stopped by Keith Kinkaid without a rebound.
19:20 of 1st period - Tyler Johnson wins face-off versus Derek MacKenzie in Jets zone.
19:37 of 1st period - Luca Sbisa is hit by Gabriel Landeskog and loses puck.
Goals for this period are 1 for Jets vs 0 for Ducks.
Shots for this period are 15 for Jets vs 14 for Ducks.

2nd period


0:01 of 2nd period - Mark Scheifele wins face-off versus Derek MacKenzie in neutral zone.
0:22 of 2nd period - Shot by Claude Giroux.
0:22 of 2nd period - Goal by Claude Giroux - Jets : 1 - Ducks : 1.
0:23 of 2nd period - Patrice Bergeron wins face-off versus Torrey Mitchell in neutral zone.
0:23 of 2nd period - Patrice Bergeron is hit by Brandon Dubinsky.
0:54 of 2nd period - Brandon Dubinsky is hit by Luca Sbisa and loses puck.
0:57 of 2nd period - Shot by Brandon Dubinsky.
0:57 of 2nd period - Shot Misses the Net.
0:59 of 2nd period - Shot by Kris Letang.
0:59 of 2nd period - Shot Blocked by Jeff Skinner.
1:39 of 2nd period - Shot by Claude Giroux.
1:39 of 2nd period - Stopped by Keith Kinkaid without a rebound.
1:40 of 2nd period - Derek MacKenzie wins face-off versus Andrew Shaw in Jets zone.
2:30 of 2nd period - Tomas Tatar is hit by David Backes and loses puck.
2:44 of 2nd period - Gabriel Landeskog is hit by Jay Bouwmeester and loses puck.
3:01 of 2nd period - Mika Zibanejad is hit by David Backes.
3:06 of 2nd period - Jake Guentzel is hit by Gabriel Landeskog and loses puck.
3:07 of 2nd period - Minor Penalty to David Backes for High sticking.
3:08 of 2nd period - Torrey Mitchell wins face-off versus Patrice Bergeron in Ducks zone.
3:47 of 2nd period - Shot by Patrice Bergeron.
3:47 of 2nd period - Shot Blocked by Colton Parayko.
4:31 of 2nd period - Shot by Jake Guentzel.
4:31 of 2nd period - Shot Blocked by Josh Manson.
4:47 of 2nd period - Shot by Jeff Skinner.
4:47 of 2nd period - Stopped by Pekka Rinne without a rebound.
4:48 of 2nd period - Patrice Bergeron wins face-off versus Tyler Johnson in Ducks zone.
4:57 of 2nd period - Shot by Cam Atkinson.
4:57 of 2nd period - Shot Blocked by Kris Letang.
4:59 of 2nd period - Shot by Cam Atkinson.
4:59 of 2nd period - Stopped by Pekka Rinne with a rebound.
5:01 of 2nd period - Shot by Jake Muzzin.
5:01 of 2nd period - Shot Blocked by Tyler Johnson.
5:03 of 2nd period - Shot by Jake Muzzin.
5:03 of 2nd period - Stopped by Pekka Rinne with a rebound.
5:17 of 2nd period - Shot by Carl Soderberg.
5:17 of 2nd period - Deflect By Tomas Tatar.
5:17 of 2nd period - Shot Misses the Net.
5:26 of 2nd period - Josh Anderson is hit by Roman Polak and loses puck.
5:59 of 2nd period - Shot by Bryan Rust.
5:59 of 2nd period - Stopped by Pekka Rinne without a rebound.
6:00 of 2nd period - Tyler Johnson wins face-off versus Mika Zibanejad in Ducks zone.
6:11 of 2nd period - Shot by Tyler Johnson.
6:11 of 2nd period - Stopped by Keith Kinkaid without a rebound.
6:12 of 2nd period - Patrice Bergeron wins face-off versus Tyler Johnson in Jets zone.
6:26 of 2nd period - Shot by Patrice Bergeron.
6:26 of 2nd period - Shot Misses the Net.
6:28 of 2nd period - Shot by Patrice Bergeron.
6:28 of 2nd period - Deflect By Cam Atkinson.
6:28 of 2nd period - Shot Blocked by Kris Letang.
7:24 of 2nd period - Shot by Jake Guentzel.
7:24 of 2nd period - Stopped by Pekka Rinne without a rebound.
7:25 of 2nd period - Gabriel Landeskog wins face-off versus Carl Soderberg in Ducks zone.
7:45 of 2nd period - Icing by Luke Schenn.
7:46 of 2nd period - Mika Zibanejad wins face-off versus William Nylander in Ducks zone.
7:47 of 2nd period - Shot by Bryan Rust.
7:47 of 2nd period - Stopped by Pekka Rinne without a rebound.
7:48 of 2nd period - Mark Scheifele wins face-off versus Patrice Bergeron in Ducks zone.
8:21 of 2nd period - Shot by Wayne Simmonds.
8:21 of 2nd period - Shot Misses the Net.
8:49 of 2nd period - Bryan Rust is hit by Colton Parayko and loses puck.
9:09 of 2nd period - Icing by Niklas Kronwall.
9:10 of 2nd period - Mika Zibanejad wins face-off versus Torrey Mitchell in Jets zone.
9:26 of 2nd period - Shot by Mika Zibanejad.
9:26 of 2nd period - Shot Misses the Net.
10:18 of 2nd period - Icing by Mika Zibanejad.
10:19 of 2nd period - Mika Zibanejad wins face-off versus William Nylander in Jets zone.
10:37 of 2nd period - Shot by Patrice Bergeron.
10:37 of 2nd period - Stopped by Pekka Rinne without a rebound.
10:38 of 2nd period - Carl Soderberg wins face-off versus Tyler Johnson in Ducks zone.
10:38 of 2nd period - Carl Soderberg is hit by Derek Forbort.
10:48 of 2nd period - Shot by Carl Soderberg.
10:48 of 2nd period - Stopped by Pekka Rinne without a rebound.
10:49 of 2nd period - Mark Scheifele wins face-off versus Patrice Bergeron in Ducks zone.
11:12 of 2nd period - Shot by Wayne Simmonds.
11:12 of 2nd period - Stopped by Keith Kinkaid without a rebound.
11:13 of 2nd period - Carl Soderberg wins face-off versus Torrey Mitchell in Jets zone.
11:13 of 2nd period - Carl Soderberg is hit by Brandon Dubinsky.
11:22 of 2nd period - Josh Anderson is hit by Brandon Dubinsky and loses puck.
11:30 of 2nd period - Icing by Jake Muzzin.
11:31 of 2nd period - Carl Soderberg wins face-off versus Mark Scheifele in Jets zone.
11:50 of 2nd period - Shot by Tomas Tatar.
11:50 of 2nd period - Stopped by Pekka Rinne without a rebound.
11:51 of 2nd period - Torrey Mitchell wins face-off versus Patrice Bergeron in Ducks zone.
12:48 of 2nd period - Shot by Mark Scheifele.
12:48 of 2nd period - Shot Blocked by Erik Gustafsson.
13:28 of 2nd period - Shot by Mika Zibanejad.
13:28 of 2nd period - Stopped by Pekka Rinne without a rebound.
13:29 of 2nd period - Carl Soderberg wins face-off versus Gabriel Landeskog in Ducks zone.
13:38 of 2nd period - Shot by Carl Soderberg.
13:38 of 2nd period - Stopped by Pekka Rinne without a rebound.
13:39 of 2nd period - Tyler Johnson wins face-off versus Derek MacKenzie in Ducks zone.
13:45 of 2nd period - Jay Bouwmeester is hit by Milan Lucic and loses puck.
13:49 of 2nd period - Niklas Kronwall is hit by Kris Letang and loses puck.
14:16 of 2nd period - Shot by Niklas Kronwall.
14:16 of 2nd period - Shot Blocked by Kris Letang.
14:36 of 2nd period - Shot by Mika Zibanejad.
14:36 of 2nd period - Goal by Mika Zibanejad - Jets : 2 - Ducks : 1.
14:37 of 2nd period - Patrice Bergeron wins face-off versus Torrey Mitchell in neutral zone.
14:45 of 2nd period - Icing by Colton Parayko.
14:46 of 2nd period - Torrey Mitchell wins face-off versus Mika Zibanejad in Ducks zone.
15:17 of 2nd period - Brandon Dubinsky is hit by Bryan Rust and loses puck.
16:43 of 2nd period - Shot by Mark Scheifele.
16:43 of 2nd period - Stopped by Keith Kinkaid without a rebound.
16:44 of 2nd period - Tyler Johnson wins face-off versus Carl Soderberg in Jets zone.
17:13 of 2nd period - Minor Penalty to Milan Lucic for Holding.
17:14 of 2nd period - Mika Zibanejad wins face-off versus Torrey Mitchell in Ducks zone.
17:15 of 2nd period - Shot by Bryan Rust.
17:15 of 2nd period - Deflect By Mika Zibanejad.
17:15 of 2nd period - Stopped by Pekka Rinne with a rebound.
17:17 of 2nd period - Shot by Jake Muzzin.
17:17 of 2nd period - Shot Blocked by Josh Manson.
17:59 of 2nd period - Shot by Erik Gustafsson.
17:59 of 2nd period - Shot Blocked by Kris Letang.
18:28 of 2nd period - Off-side.
18:29 of 2nd period - Tyler Johnson wins face-off versus Mika Zibanejad in neutral zone.
19:34 of 2nd period - Icing by Gabriel Landeskog.
19:35 of 2nd period - Derek MacKenzie wins face-off versus William Nylander in Ducks zone.
19:48 of 2nd period - Jake Muzzin is hit by David Backes and loses puck.
19:55 of 2nd period - Shot by Gabriel Landeskog.
19:55 of 2nd period - Shot Blocked by Jake Muzzin.
19:57 of 2nd period - Shot by David Backes.
19:57 of 2nd period - Stopped by Keith Kinkaid without a rebound.
19:58 of 2nd period - Patrice Bergeron wins face-off versus Mark Scheifele in Jets zone.
Goals for this period are 1 for Jets vs 1 for Ducks.
Shots for this period are 13 for Jets vs 6 for Ducks.

3rd period


0:01 of 3rd period - Torrey Mitchell wins face-off versus Patrice Bergeron in neutral zone.
0:36 of 3rd period - Brandon Dubinsky is hit by Jeff Skinner and loses puck.
1:11 of 3rd period - Icing by Kris Letang.
1:12 of 3rd period - Carl Soderberg wins face-off versus Mark Scheifele in Ducks zone.
1:31 of 3rd period - Shot by Mark Scheifele.
1:31 of 3rd period - Shot Blocked by Carl Soderberg.
1:51 of 3rd period - Shot by Tyler Johnson.
1:51 of 3rd period - Shot Blocked by Erik Gustafsson.
1:53 of 3rd period - Shot by Tyler Johnson.
1:53 of 3rd period - Shot Misses the Net.
1:59 of 3rd period - Shot by Andrew Shaw.
1:59 of 3rd period - Stopped by Keith Kinkaid with a rebound.
2:07 of 3rd period - Shot by Milan Lucic.
2:07 of 3rd period - Shot Misses the Net.
2:09 of 3rd period - Shot by Luke Schenn.
2:09 of 3rd period - Stopped by Keith Kinkaid without a rebound.
2:10 of 3rd period - Mika Zibanejad wins face-off versus Torrey Mitchell in Jets zone.
2:20 of 3rd period - Troy Brouwer is hit by Niklas Kronwall.
3:07 of 3rd period - Shot by Gabriel Landeskog.
3:07 of 3rd period - Stopped by Keith Kinkaid without a rebound.
3:08 of 3rd period - Patrice Bergeron wins face-off versus William Nylander in Jets zone.
3:08 of 3rd period - Patrice Bergeron is hit by Gabriel Landeskog.
3:53 of 3rd period - Gabriel Landeskog is hit by Luca Sbisa and loses puck.
4:05 of 3rd period - Icing by David Backes.
4:06 of 3rd period - Mika Zibanejad wins face-off versus William Nylander in Ducks zone.
4:49 of 3rd period - Wayne Simmonds is hit by Niklas Kronwall and loses puck.
4:52 of 3rd period - Shot by Claude Giroux.
4:52 of 3rd period - Stopped by Keith Kinkaid without a rebound.
4:53 of 3rd period - Tyler Johnson wins face-off versus Tomas Tatar in Jets zone.
5:23 of 3rd period - Tomas Tatar is hit by Derek Forbort and loses puck.
5:50 of 3rd period - Shot by Cam Atkinson.
5:50 of 3rd period - Shot Misses the Net.
5:56 of 3rd period - Shot by Cam Atkinson.
5:56 of 3rd period - Stopped by Pekka Rinne without a rebound.
5:57 of 3rd period - Mark Scheifele wins face-off versus Mika Zibanejad in Ducks zone.
5:57 of 3rd period - Mark Scheifele is hit by Jake Guentzel.
6:09 of 3rd period - Shot by Colton Parayko.
6:09 of 3rd period - Deflect By Mark Scheifele.
6:09 of 3rd period - Shot Misses the Net.
6:16 of 3rd period - Mika Zibanejad is hit by Josh Manson and loses puck.
6:24 of 3rd period - Bryan Rust is hit by Josh Manson and loses puck.
8:01 of 3rd period - Off-side.
8:02 of 3rd period - Tyler Johnson wins face-off versus Derek MacKenzie in neutral zone.
8:36 of 3rd period - Shot by Tyler Johnson.
8:36 of 3rd period - Stopped by Keith Kinkaid without a rebound.
8:37 of 3rd period - Carl Soderberg wins face-off versus Mark Scheifele in Jets zone.
8:51 of 3rd period - Icing by Jake Muzzin.
8:52 of 3rd period - Carl Soderberg wins face-off versus Torrey Mitchell in Jets zone.
8:52 of 3rd period - Jake Muzzin is hit by Brandon Dubinsky and loses puck.
9:01 of 3rd period - Shot by Carl Soderberg.
9:01 of 3rd period - Shot Blocked by Brandon Dubinsky.
9:03 of 3rd period - Shot by Carl Soderberg.
9:03 of 3rd period - Goal by Carl Soderberg - Jets : 3 - Ducks : 1.
9:04 of 3rd period - Mark Scheifele wins face-off versus Patrice Bergeron in neutral zone.
9:37 of 3rd period - Shot by Claude Giroux.
9:37 of 3rd period - Stopped by Keith Kinkaid without a rebound.
9:38 of 3rd period - Mika Zibanejad wins face-off versus Torrey Mitchell in Jets zone.
9:40 of 3rd period - Icing by Bryan Rust.
9:41 of 3rd period - Mika Zibanejad wins face-off versus Torrey Mitchell in Jets zone.
9:41 of 3rd period - Bryan Rust is hit by Brandon Dubinsky.
10:16 of 3rd period - Shot by Jake Guentzel.
10:16 of 3rd period - Deflect By Mika Zibanejad.
10:16 of 3rd period - Stopped by Pekka Rinne without a rebound.
10:17 of 3rd period - Patrice Bergeron wins face-off versus Tyler Johnson in Ducks zone.
11:09 of 3rd period - Wayne Simmonds is hit by Jeff Skinner and loses puck.
11:38 of 3rd period - Shot by Claude Giroux.
11:38 of 3rd period - Shot Misses the Net.
11:40 of 3rd period - Shot by Claude Giroux.
11:40 of 3rd period - Shot Misses the Net.
11:42 of 3rd period - Shot by Claude Giroux.
11:42 of 3rd period - Stopped by Keith Kinkaid without a rebound.
11:43 of 3rd period - Mika Zibanejad wins face-off versus William Nylander in Jets zone.
12:48 of 3rd period - Shot by Carter Rowney.
12:48 of 3rd period - Stopped by Pekka Rinne without a rebound.
12:49 of 3rd period - Tyler Johnson wins face-off versus Cam Atkinson in Ducks zone.
12:49 of 3rd period - Milan Lucic is hit by Patrice Bergeron and loses puck.
15:06 of 3rd period - Shot by Torrey Mitchell.
15:06 of 3rd period - Stopped by Keith Kinkaid with a rebound.
15:16 of 3rd period - Kris Letang is hit by Mika Zibanejad and loses puck.
15:24 of 3rd period - Minor Penalty to Derek Forbort for High sticking.
15:25 of 3rd period - Patrice Bergeron wins face-off versus Torrey Mitchell in Ducks zone.
16:27 of 3rd period - Shot by Gabriel Landeskog.
16:27 of 3rd period - Stopped by Keith Kinkaid without a rebound.
16:28 of 3rd period - Patrice Bergeron wins face-off versus Tyler Johnson in Jets zone.
16:35 of 3rd period - Shot by Jeff Skinner.
16:35 of 3rd period - Stopped by Pekka Rinne without a rebound.
16:36 of 3rd period - Tyler Johnson wins face-off versus Cam Atkinson in Ducks zone.
16:42 of 3rd period - Icing by Patrice Bergeron.
16:43 of 3rd period - Patrice Bergeron wins face-off versus Tyler Johnson in Jets zone.
16:48 of 3rd period - Shot by Brendan Guhle.
16:48 of 3rd period - Stopped by Pekka Rinne with a rebound.
16:50 of 3rd period - Shot by Brendan Guhle.
16:50 of 3rd period - Stopped by Pekka Rinne with a rebound.
16:59 of 3rd period - Shot by Erik Gustafsson.
16:59 of 3rd period - Shot Misses the Net.
17:01 of 3rd period - Shot by Jeff Skinner.
17:01 of 3rd period - Stopped by Pekka Rinne without a rebound.
17:02 of 3rd period - Torrey Mitchell wins face-off versus Mika Zibanejad in Ducks zone.
17:40 of 3rd period - Icing by Gabriel Landeskog.
17:41 of 3rd period - William Nylander wins face-off versus Derek MacKenzie in Ducks zone.
17:41 of 3rd period - William Nylander is hit by Derek MacKenzie.
18:08 of 3rd period - Minor Penalty to Derek MacKenzie for Hooking.
18:09 of 3rd period - Carl Soderberg wins face-off versus Mark Scheifele in Jets zone.
18:20 of 3rd period - Shot by Wayne Simmonds.
18:20 of 3rd period - Shot Blocked by Jay Bouwmeester.
18:22 of 3rd period - Shot by Claude Giroux.
18:22 of 3rd period - Deflect By Wayne Simmonds.
18:22 of 3rd period - Stopped by Keith Kinkaid without a rebound.
18:23 of 3rd period - Mark Scheifele wins face-off versus Bryan Rust in Jets zone.
18:34 of 3rd period - Shot by Wayne Simmonds.
18:34 of 3rd period - Shot Misses the Net.
19:02 of 3rd period - Minor Penalty to Mark Scheifele for Slashing.
19:03 of 3rd period - Patrice Bergeron wins face-off versus Claude Giroux in Ducks zone.
19:10 of 3rd period - Shot by Patrice Bergeron.
19:10 of 3rd period - Stopped by Pekka Rinne without a rebound.
19:11 of 3rd period - Patrice Bergeron wins face-off versus William Nylander in Ducks zone.
19:18 of 3rd period - Shot by William Nylander.
19:18 of 3rd period - Shot Blocked by Jake Muzzin.
19:30 of 3rd period - Shot by Gabriel Landeskog.
19:30 of 3rd period - Deflect By William Nylander.
19:30 of 3rd period - Shot Misses the Net.
19:50 of 3rd period - Shot by Gabriel Landeskog.
19:50 of 3rd period - Deflect By William Nylander.
19:50 of 3rd period - Stopped by Keith Kinkaid with a rebound.
19:52 of 3rd period - Shot by Gabriel Landeskog.
19:52 of 3rd period - Shot Misses the Net.
Goals for this period are 1 for Jets vs 0 for Ducks.
Shots for this period are 9 for Jets vs 11 for Ducks.